TOP OF THE 1ST |
Alloway Halberds batting - Pitching for Pure Michigan Great Lakers : LHP Chad Sanogo
|
Pitching: LHP Chad Sanogo
|
|
Batting: RHB Cisco Hernández
|
0-0: Called Strike 0-1: Ball 1-1: Swinging Strike 1-2: Strikes out swinging
|
Batting: RHB Bass Reeves
|
0-0: Ball 1-0: Foul Ball, location: 2F 1-1: Ball 2-1: Foul Ball, location: 2F 2-2: Strikes out swinging
|
Batting: LHB Mike Clifton
|
0-0: Called Strike 0-1: Foul Ball, location: 2F 0-2: Ball 1-2: Foul Ball, location: 2F 1-2: Strikes out swinging
|
Top of the 1st over - 0 runs, 0 hits, 0 errors, 0 left on base; Alloway 0 - Pure Michigan 0 |
BOTTOM OF THE 1ST |
Pure Michigan Great Lakers batting - Pitching for Alloway Halberds : RHP Joe Martarano
|
Pitching: RHP Joe Martarano
|
|
Batting: SHB Cyrille Baffi
|
0-0: Ball 1-0: SINGLE (Line Drive, 56)
|
Batting: LHB Michael Cochran
|
0-0: Ball 1-0: Foul Ball, location: 2F 1-1: Ball 2-1: Foul Ball, location: 2F 2-2: Foul Ball, location: 2F 2-2: DOUBLE (Line Drive, 9LM) Cyrille Baffi to third
|
Batting: RHB Alco Compagne
|
0-0: SINGLE (Line Drive, 56D) Cyrille Baffi scores Michael Cochran to third Runner from 3rd tries for Home, SAFE, no throw
|
Batting: SHB Roger Dorn
|
0-0: Ball 1-0: Ball 2-0: Fly out, F7 (Line Drive, 7S)
|
Batting: RHB Dan Hendricks
|
0-0: Called Strike 0-1: Swinging Strike 0-2: Foul Ball, location: 2F 0-2: Foul Ball, location: 2F 0-2: Grounds into double play, 5-4-3 (Groundball, 56)
|
Bottom of the 1st over - 2 runs, 3 hits, 0 errors, 0 left on base; Alloway 0 - Pure Michigan 2 |
TOP OF THE 2ND |
Alloway Halberds batting - Pitching for Pure Michigan Great Lakers : LHP Chad Sanogo
|
Batting: RHB Manny Gonzáles
|
0-0: SINGLE (Groundball, 3D)
|
Batting: RHB Juan Salinas
|
0-0: Ball 1-0: Foul Ball, location: 2F 1-1: Swinging Strike 1-2: Ball 2-2: Ball 3-2: Grounds into double play, 6-4-3 (Groundball, 6)
|
Batting: RHB Jordan Hollins
|
0-0: Foul Ball, location: 2F 0-1: Ball 1-1: Ball 2-1: Ball 3-1: Base on Balls
|
Batting: RHB Carlos Ramírez
|
0-0: Ball 1-0: Ball 2-0: TRIPLE (Line Drive, 8RXD) Jordan Hollins scores
|
Batting: RHB Carlos De Jesús
|
0-0: Called Strike 0-1: Ball 1-1: Called Strike 1-2: Strikes out looking
|
Top of the 2nd over - 1 run, 2 hits, 0 errors, 1 left on base; Alloway 1 - Pure Michigan 2 |
BOTTOM OF THE 2ND |
Pure Michigan Great Lakers batting - Pitching for Alloway Halberds : RHP Joe Martarano
|
Batting: RHB David Crow
|
0-0: Foul Ball, location: 2F 0-1: Called Strike 0-2: Ball 1-2: Foul Ball, location: 2F 1-2: Ground out 6-3 (Groundball, 6)
|
Batting: RHB Jorge Noutel
|
0-0: Swinging Strike 0-1: SINGLE (Groundball, 4MD)
|
Batting: RHB Trevor O'Herlihy
|
0-0: Called Strike 0-1: Ball 1-1: Ball 2-1: Swinging Strike Pickoff Throw by Catcher to First - Error! E2 Jorge Noutel to second 2-2: SINGLE (Line Drive, 6MD) Jorge Noutel to third Runner from 3rd tries for Home, SAFE, no throw
|
Batting: LHB Ángel Pineda
|
0-0: Grounds into double play, 5-4-3 (Groundball, 5)
|
Bottom of the 2nd over - 1 run, 2 hits, 1 error, 0 left on base; Alloway 1 - Pure Michigan 3 |
TOP OF THE 3RD |
Alloway Halberds batting - Pitching for Pure Michigan Great Lakers : LHP Chad Sanogo
|
Batting: RHB Octávio Beltzán
|
0-0: Ball 1-0: Ball 2-0: Ball 3-0: Called Strike 3-1: Fly out, F9 (Flyball, 9S)
|
Batting: RHB Cisco Hernández
|
0-0: Ball 1-0: DOUBLE (Line Drive, 9)
|
Batting: RHB Bass Reeves
|
0-0: Ball 1-0: Called Strike 1-1: Ball 2-1: Called Strike 2-2: Ball 3-2: Foul Ball, location: 2F 3-2: Base on Balls
|
Batting: LHB Mike Clifton
|
0-0: Ball 1-0: Ball Bass Reeves steals 2nd base Cisco Hernández to third 2-0: Ball 3-0: Called Strike 3-1: Foul Ball, location: 2F 3-2: Base on Balls
|
Batting: RHB Manny Gonzáles
|
0-0: Ball 1-0: Called Strike 1-1: Swinging Strike 1-2: Strikes out swinging
|
Batting: RHB Juan Salinas
|
0-0: Foul Ball, location: 2F 0-1: Ball 1-1: Fielders Choice at 2nd, U4 (Groundball, 4M)
|
Top of the 3rd over - 0 runs, 1 hit, 0 errors, 3 left on base; Alloway 1 - Pure Michigan 3 |
BOTTOM OF THE 3RD |
Pure Michigan Great Lakers batting - Pitching for Alloway Halberds : RHP Joe Martarano
|
Batting: SHB Cyrille Baffi
|
0-0: SINGLE (Line Drive, 6MD)
|
Batting: LHB Michael Cochran
|
0-0: Ball 1-0: Foul Ball, location: 2F 1-1: Ball 2-1: Swinging Strike 2-2: Foul Ball, location: 2F 2-2: Ball 3-2: Foul Ball, location: 2F 3-2: Fly out, F7 (Flyball, 7)
|
Batting: RHB Alco Compagne
|
0-0: Ball Cyrille Baffi steals 2nd base 1-0: Ball 2-0: Called Strike 2-1: Called Strike 2-2: Foul Ball, location: 2F 2-2: Ground out 6-3 (Groundball, 6) Cyrille Baffi to third
|
Batting: SHB Roger Dorn
|
0-0: Swinging Strike 0-1: Foul Ball, location: 2F 0-2: Ball 1-2: Ball 2-2: Foul Ball, location: 2F 2-2: Foul Ball, location: 2F 2-2: SINGLE (Line Drive, 34) Cyrille Baffi scores
|
Batting: RHB Dan Hendricks
|
0-0: Called Strike 0-1: Ball 1-1: Called Strike 1-2: Foul Ball, location: 2F 1-2: Reached on error, E4 (Groundball, 4) Roger Dorn to second
|
Batting: RHB David Crow
|
0-0: Called Strike 0-1: Called Strike 0-2: TRIPLE (Line Drive, 8LXD) Roger Dorn scores Dan Hendricks scores
|
Batting: RHB Jorge Noutel
|
0-0: Ball 1-0: DOUBLE (Flyball, 89D) David Crow scores
|
Batting: RHB Trevor O'Herlihy
|
0-0: Swinging Strike 0-1: Swinging Strike 0-2: DOUBLE (Flyball, 89D) Jorge Noutel scores
|
Batting: LHB Ángel Pineda
|
0-0: Called Strike 0-1: Ball 1-1: Foul Ball, location: 2F 1-2: Ball 2-2: SINGLE (Groundball, 4MD) Trevor O'Herlihy to third Runner from 3rd tries for Home, SAFE, no throw
|
Batting: SHB Cyrille Baffi
|
0-0: Ball 1-0: Ball 2-0: Called Strike 2-1: Fly out, F8 (Line Drive, 8LM)
|
Bottom of the 3rd over - 6 runs, 6 hits, 1 error, 1 left on base; Alloway 1 - Pure Michigan 9 |
TOP OF THE 4TH |
Alloway Halberds batting - Pitching for Pure Michigan Great Lakers : LHP Chad Sanogo
|
Batting: RHB Jordan Hollins
|
0-0: Called Strike 0-1: Called Strike 0-2: Ball 1-2: Strikes out swinging
|
Batting: RHB Carlos Ramírez
|
0-0: Called Strike 0-1: Ball 1-1: Swinging Strike 1-2: Foul Ball, location: 2F 1-2: Ball 2-2: Ball 3-2: SINGLE (Line Drive, 89S)
|
Batting: RHB Carlos De Jesús
|
0-0: Swinging Strike 0-1: SINGLE (Line Drive, 89S) Carlos Ramírez to second Runner from 2nd tries for 3rd, SAFE, no throw
|
Batting: RHB Octávio Beltzán
|
0-0: Swinging Strike 0-1: Swinging Strike 0-2: Ball 1-2: Ball 2-2: Ball 3-2: Strikes out swinging
|
Batting: RHB Cisco Hernández
|
0-0: Ball 1-0: Ball 2-0: Ground out U3 (Groundball, 34S)
|
Top of the 4th over - 0 runs, 2 hits, 0 errors, 2 left on base; Alloway 1 - Pure Michigan 9 |
BOTTOM OF THE 4TH |
Pure Michigan Great Lakers batting - Pitching for Alloway Halberds : RHP Joe Martarano
|
Batting: LHB Michael Cochran
|
0-0: Foul Ball, location: 2F 0-1: SINGLE (Groundball, 4S) (infield hit)
|
Batting: RHB Alco Compagne
|
0-0: Called Strike Michael Cochran is caught stealing 2nd base 0-1: Foul Ball, location: 2F 0-2: DOUBLE (Line Drive, 7LD)
|
Batting: SHB Roger Dorn
|
0-0: Ball 1-0: Called Strike 1-1: Called Strike 1-2: Ball 2-2: Strikes out swinging
|
Pitching: RHP Juan Ángel
|
|
Batting: RHB Dan Hendricks
|
0-0: Ground out 6-3 (Groundball, 6S)
|
Bottom of the 4th over - 0 runs, 2 hits, 0 errors, 1 left on base; Alloway 1 - Pure Michigan 9 |
TOP OF THE 5TH |
Alloway Halberds batting - Pitching for Pure Michigan Great Lakers : LHP Chad Sanogo
|
Batting: RHB Bass Reeves
|
0-0: Ball 1-0: Ball 2-0: Ball 3-0: Base on Balls
|
Batting: LHB Mike Clifton
|
0-0: Ball 1-0: SINGLE (Groundball, 6MD) Bass Reeves to second
|
Batting: RHB Manny Gonzáles
|
0-0: Ball 1-0: Reached on error, E6 (Groundball, 6) Bass Reeves to third Mike Clifton to second
|
Batting: RHB Juan Salinas
|
Balk! Bass Reeves scores Mike Clifton to third Manny Gonzáles to second 0-0: Called Strike 0-1: Ball 1-1: Called Strike 1-2: Ball 2-2: SINGLE (Flyball, 89M) Mike Clifton scores Manny Gonzáles to third Runner from 3rd tries for Home, SAFE, no throw
|
Batting: RHB Jordan Hollins
|
0-0: Ball 1-0: Ball 2-0: Ball 3-0: Called Strike 3-1: DOUBLE (Line Drive, 7) Juan Salinas to third
|
Batting: RHB Carlos Ramírez
|
0-0: Ball 1-0: Called Strike 1-1: Swinging Strike 1-2: Foul Ball, location: 2F 1-2: Foul Ball, location: 2F 1-2: Ground out 4-3 (Groundball, 4) Juan Salinas scores Jordan Hollins to third
|
Pitching: LHP Pablo Aguilar
|
|
Batting: RHB Carlos De Jesús
|
0-0: Ball 1-0: SINGLE (Flyball, 9LS) Jordan Hollins scores
|
Batting: RHB Octávio Beltzán
|
0-0: Ball 1-0: Ground out 6-3 (Groundball, 6MS) Carlos De Jesús to second
|
Batting: RHB Cisco Hernández
|
0-0: Ball 1-0: Ball 2-0: Ball 3-0: Called Strike 3-1: Base on Balls
|
Batting: RHB Bass Reeves
|
0-0: Swinging Strike 0-1: Ball 1-1: Ball 2-1: Ball 3-1: SINGLE (Groundball, 6MD) Carlos De Jesús to third Cisco Hernández to second Runner from 3rd tries for Home, SAFE, throw made home
|
Batting: LHB Mike Clifton
|
0-0: Ball 1-0: Foul Ball, location: 2F 1-1: Ball 2-1: Foul Ball, location: 2F 2-2: Foul Ball, location: 2F 2-2: Ball 3-2: SINGLE (Groundball, 6D) Cisco Hernández to third Bass Reeves to second Cisco Hernández scores Bass Reeves to third
|
Batting: RHB Manny Gonzáles
|
0-0: DOUBLE (Line Drive, 7LM) Bass Reeves scores Mike Clifton to third Runner from 3rd tries for Home, SAFE, no throw
|
Batting: RHB Juan Salinas
|
0-0: Intentional Walk
|
Pitching: RHP Joseph Merle
|
|
Batting: RHB Jordan Hollins
|
0-0: Foul Ball, location: 2F 0-1: Called Strike 0-2: Fly out, F9 (Flyball, 89D)
|
Top of the 5th over - 9 runs, 7 hits, 1 error, 2 left on base; Alloway 10 - Pure Michigan 9 |
BOTTOM OF THE 5TH |
Pure Michigan Great Lakers batting - Pitching for Alloway Halberds : RHP Juan Ángel
|
Batting: RHB David Crow
|
0-0: Called Strike 0-1: Fly out, F3 (Popup, 3SF)
|
Batting: RHB Jorge Noutel
|
0-0: Called Strike 0-1: Fly out, F9 (Flyball, 9D)
|
Batting: RHB Trevor O'Herlihy
|
0-0: Ball 1-0: Called Strike 1-1: SINGLE (Groundball, 6S) (infield hit)
|
Batting: LHB Ángel Pineda
|
0-0: Ball 1-0: Called Strike 1-1: Ball 2-1: Swinging Strike 2-2: Ball Wild Pitch! Trevor O'Herlihy to second 3-2: Strikes out looking
|
Bottom of the 5th over - 0 runs, 1 hit, 0 errors, 1 left on base; Alloway 10 - Pure Michigan 9 |
TOP OF THE 6TH |
Alloway Halberds batting - Pitching for Pure Michigan Great Lakers : RHP Joseph Merle
|
Batting: RHB Carlos Ramírez
|
0-0: Called Strike 0-1: Ball 1-1: Ball 2-1: Ground out 5-3 (Groundball, 5S)
|
Batting: RHB Carlos De Jesús
|
0-0: Called Strike 0-1: Ground out 6-3 (Groundball, 6M)
|
Batting: RHB Octávio Beltzán
|
0-0: Ball 1-0: Foul Ball, location: 2F 1-1: Called Strike 1-2: Fly out, F9 (Flyball, 9S)
|
Top of the 6th over - 0 runs, 0 hits, 0 errors, 0 left on base; Alloway 10 - Pure Michigan 9 |
BOTTOM OF THE 6TH |
Pure Michigan Great Lakers batting - Pitching for Alloway Halberds : RHP Juan Ángel
|
Batting: SHB Cyrille Baffi
|
0-0: Foul Ball, location: 2F 0-1: Ball 1-1: Fly out, F8 (Flyball, 8RM)
|
Batting: LHB Michael Cochran
|
0-0: Called Strike 0-1: Swinging Strike 0-2: Ball 1-2: Foul Ball, location: 2F 1-2: Ball 2-2: DOUBLE (Line Drive, 7LM)
|
Batting: RHB Alco Compagne
|
0-0: Called Strike 0-1: Ball Michael Cochran steals 3rd base 1-1: Foul Ball, location: 2F 1-2: Ball 2-2: 2-RUN HOME RUN (Flyball, 7LD), Distance : 366 ft
|
Pitching: RHP Nicholas Beyer
|
|
Batting: SHB Roger Dorn
|
0-0: Foul Ball, location: 2F 0-1: Ball 1-1: SOLO HOME RUN (Flyball, 9LD), Distance : 348 ft
|
Batting: RHB Dan Hendricks
|
0-0: Called Strike 0-1: Ball 1-1: Ball 2-1: Foul Ball, location: 2F 2-2: Ground out 5-3 (Groundball, 56)
|
Batting: RHB David Crow
|
0-0: Ball 1-0: Ball 2-0: Called Strike 2-1: Called Strike 2-2: Ball 3-2: Base on Balls
|
Batting: RHB Jorge Noutel
|
0-0: Ball David Crow is caught stealing 2nd base
|
Bottom of the 6th over - 3 runs, 3 hits, 0 errors, 0 left on base; Alloway 10 - Pure Michigan 12 |
TOP OF THE 7TH |
Alloway Halberds batting - Pitching for Pure Michigan Great Lakers : RHP Joseph Merle
|
Now at 3B: Hamilton Swan
|
|
Batting: RHB Cisco Hernández
|
0-0: Called Strike 0-1: Foul Ball, location: 2F 0-2: Ground out 6-3 (Groundball, 6)
|
Batting: RHB Bass Reeves
|
0-0: Ball 1-0: Foul Ball, location: 2F 1-1: Called Strike 1-2: Foul Ball, location: 2F 1-2: Ground out 4-3 (Groundball, 4)
|
Batting: LHB Mike Clifton
|
0-0: Ball 1-0: Foul Ball, location: 2F 1-1: Ball 2-1: SINGLE (Line Drive, 78S)
|
Batting: RHB Manny Gonzáles
|
0-0: Ball 1-0: Called Strike 1-1: Ball 2-1: Ball 3-1: Called Strike 3-2: SINGLE (Groundball, 56D) Mike Clifton to second Mike Clifton to third
|
Batting: RHB Juan Salinas
|
0-0: Ball 1-0: Ball 2-0: Swinging Strike 2-1: Ball 3-1: Base on Balls Manny Gonzáles to second
|
Batting: RHB Jordan Hollins
|
0-0: Ground out 4-3 (Groundball, 4D)
|
Top of the 7th over - 0 runs, 2 hits, 0 errors, 3 left on base; Alloway 10 - Pure Michigan 12 |
BOTTOM OF THE 7TH |
Pure Michigan Great Lakers batting - Pitching for Alloway Halberds : RHP Nicholas Beyer
|
Batting: RHB Jorge Noutel
|
0-0: Foul Ball, location: 2F 0-1: Ball 1-1: Ball 2-1: Called Strike 2-2: Ball 3-2: Foul Ball, location: 2F 3-2: Foul Ball, location: 2F 3-2: Ground out 6-3 (Groundball, 6)
|
Batting: RHB Trevor O'Herlihy
|
0-0: Called Strike 0-1: Ball 1-1: Ball 2-1: Ground out 6-3 (Groundball, 6)
|
Batting: LHB Ángel Pineda
|
0-0: Ball 1-0: Called Strike 1-1: Ball 2-1: Called Strike 2-2: Foul Ball, location: 2F 2-2: DOUBLE (Line Drive, 7LM)
|
Batting: SHB Cyrille Baffi
|
0-0: Ball 1-0: Ball 2-0: Ball 3-0: Called Strike 3-1: Base on Balls
|
Batting: LHB Michael Cochran
|
0-0: Ball Wild Pitch! Ángel Pineda to third Cyrille Baffi to second 1-0: Ball 2-0: Ball 3-0: Base on Balls
|
Batting: RHB Alco Compagne
|
0-0: Swinging Strike 0-1: Fly out, F7 (Flyball, 78D)
|
Bottom of the 7th over - 0 runs, 1 hit, 0 errors, 3 left on base; Alloway 10 - Pure Michigan 12 |
TOP OF THE 8TH |
Alloway Halberds batting - Pitching for Pure Michigan Great Lakers : RHP Joseph Merle
|
Now at C: Quincy van Enk
|
|
Now in RF: Jorge Ayala
|
|
Batting: RHB Carlos Ramírez
|
0-0: Called Strike 0-1: Foul Ball, location: 2F 0-2: Ball 1-2: Fly out, F8 (Flyball, 8RD)
|
Batting: RHB Carlos De Jesús
|
0-0: Ball 1-0: SINGLE (Groundball, 56D)
|
Batting: RHB Octávio Beltzán
|
0-0: Foul Ball, location: 2F 0-1: Ball 1-1: Fly out, F8 (Flyball, 8RM)
|
Batting: RHB Cisco Hernández
|
0-0: Foul Ball, location: 2F 0-1: Ball 1-1: Ball 2-1: Ball 3-1: Foul Ball, location: 2F 3-2: Base on Balls Carlos De Jesús to second
|
Batting: RHB Bass Reeves
|
0-0: Foul Ball, location: 2F 0-1: Ball 1-1: Fielders Choice at 2nd, 5-4 (Groundball, 56)
|
Top of the 8th over - 0 runs, 1 hit, 0 errors, 2 left on base; Alloway 10 - Pure Michigan 12 |
BOTTOM OF THE 8TH |
Pure Michigan Great Lakers batting - Pitching for Alloway Halberds : RHP Nicholas Beyer
|
Batting: RHB Hamilton Swan
|
0-0: Reached on error, E6 (Groundball, 6)
|
Batting: RHB Dan Hendricks
|
0-0: Ball 1-0: Foul Ball, location: 2F 1-1: Called Strike 1-2: Foul Ball, location: 2F 1-2: DOUBLE (Line Drive, 78D) Hamilton Swan to third
|
Batting: RHB David Crow
|
0-0: Intentional Walk
|
Batting: SHB Jorge Ayala
|
0-0: Foul Ball, location: 2F 0-1: Swinging Strike 0-2: Ball Passed Ball! Hamilton Swan scores Dan Hendricks to third David Crow to second 1-2: Foul Ball, location: 2F 1-2: Strikes out looking
|
Pitching: RHP Domingo Álvarez
|
|
Batting: RHB Quincy van Enk
|
0-0: Ball 1-0: Called Strike 1-1: Foul Ball, location: 2F 1-2: Strikes out swinging
|
Batting: LHB Ángel Pineda
|
0-0: Ball 1-0: Ball 2-0: Ball 3-0: Base on Balls
|
Batting: SHB Cyrille Baffi
|
0-0: Fly out, F8 (Flyball, 8LD)
|
Bottom of the 8th over - 1 run, 1 hit, 1 error, 3 left on base; Alloway 10 - Pure Michigan 13 |
TOP OF THE 9TH |
Alloway Halberds batting - Pitching for Pure Michigan Great Lakers : RHP Joseph Merle
|
Pitching: RHP King Kelly
|
|
Batting: LHB Mike Clifton
|
0-0: Ball 1-0: Ball 2-0: Ball 3-0: Base on Balls
|
Batting: RHB Manny Gonzáles
|
0-0: Ball 1-0: Called Strike 1-1: Called Strike 1-2: Ball 2-2: Ground out 4-3 (Groundball, 34) Mike Clifton to second
|
Batting: RHB Juan Salinas
|
0-0: Called Strike 0-1: Ball 1-1: Called Strike 1-2: Foul Ball, location: 2F 1-2: Foul Ball, location: 2F 1-2: Foul Ball, location: 2F 1-2: Foul Ball, location: 2F 1-2: Ball 2-2: Ground out 3-1 (Groundball, 23) Mike Clifton to third
|
Batting: RHB Jordan Hollins
|
0-0: Ball 1-0: Called Strike 1-1: Called Strike 1-2: Strikes out looking
|
Top of the 9th over - 0 runs, 0 hits, 0 errors, 1 left on base; Alloway 10 - Pure Michigan 13 |
|